 Dungeon Crawl Stone Soup version 0.30-a0-25-gacc37e2db0 (webtiles) character file.

Game seed: 3069671602945335611

16032 Ijustatesigmund the Geomancer (level 12, -4/68 HPs)
             Began as a Gargoyle Earth Elementalist on Aug 25, 2022.
             Was an Elder of Cheibriados.
             Slain by a komodo dragon (21 damage)
             ... on level 11 of the Dungeon.
             The game lasted 00:31:37 (16233 turns).

Ijustatesigmund the Geomancer (GrEE)               Turns: 16233, Time: 00:31:37

Health: -4/68      AC: 20    Str: 21    XL:     12   Next: 33%
Magic:  19/19      EV: 13    Int: 30    God:    Cheibriados [****..]
Gold:   1117       SH:  0    Dex: 19    Spells: 8/20 levels left

rFire   . . .      SeeInvis .    q - +7 flail (spect)
rCold   . . .      Faith    .    (no shield)
rNeg    + . .      Spirit   .    a - +0 acid dragon scales
rPois   ∞          Reflect  .    e - +2 hat
rElec   +          Harm     .    (no cloak)
rCorr   +          Rampage  .    v - +1 pair of gloves
Will    .....      Clarity  +    (no boots)
Stlth   ++........               (no amulet)
HPRegen 0.21/turn                (no ring)
MPRegen 0.16/turn                (no ring)

@: very slow
A: sickness immunity, AC +8, negative energy resistance 1, electricity
resistance, torment resistance 1, petrification resistance, antennae 1, clarity
a: Renounce Religion, Bend Time, Temporal Distortion, Slouch


You were on level 11 of the Dungeon.
You worshipped Cheibriados.
Cheibriados was greatly pleased with you.
You visited 2 branches of the dungeon, and saw 12 of its levels.

You collected 1195 gold pieces.
You spent 78 gold pieces at shops.

Inventory:

Hand Weapons
 q - a +7 spectral flail (weapon)
Missiles
 y - 2 throwing nets
Armour
 a - +0 acid dragon scales (worn)
 e - a +2 hat (worn)
 v - a +1 pair of gloves (worn)
Jewellery
 d - a ring of ice
Wands
 k - a wand of flame (13)
 p - a wand of mindburst (2)
 u - a wand of digging (6)
 x - a wand of charming (6)
Scrolls
 f - a scroll of butterflies
 m - 3 scrolls of identify
 o - 2 scrolls of silence {unknown}
 t - a scroll of blinking
 A - 2 scrolls of poison
 B - 2 scrolls of fear
 C - a scroll of torment
Potions
 b - 2 potions of magic
 c - 4 potions of attraction
 g - 5 potions of curing
 h - 4 potions of lignification
 i - 2 potions of flight
 j - 2 potions of ambrosia
 l - 2 potions of mutation
 n - 2 potions of brilliance
 r - a potion of might {unknown}
 w - a potion of resistance
 z - a potion of haste {unknown}


   Skills:
 - Level 5.6 Fighting
 - Level 6.3 Maces & Flails
 - Level 4.5 Armour
 - Level 2.8 Dodging
 - Level 2.1 Stealth
 + Level 4.9 Spellcasting
 + Level 11.3 Conjurations
 - Level 1.4 Transmutations
 - Level 12.2 Earth Magic
 + Level 8.9 Invocations


You had 8 spell levels left.
You knew the following spells:

 Your Spells              Type           Power      Damage    Failure   Level
a - Sandblast             Erth           100%       2d20      1%          1
b - Stone Arrow           Conj/Erth      100%       3d13      1%          3
c - Passwall              Tmut/Erth      40%        N/A       1%          2
d - Iron Shot             Conj/Erth      33%        9d7       9%          6

Your spell library contained the following spells:

 Spells                   Type           Power      Damage    Failure   Level
 Dazzling Flash           Conj/Hex       82%        N/A       2%          3
 Petrify                  Tmut/Erth      48%        N/A       4%          4
 Wereblood                Tmut           15%        N/A       6%          2
 Animate Armour           Summ/Erth      86%        N/A       6%          4
 Leda's Liquefaction      Hex/Erth       21%        N/A       6%          4
 Iskenderun's Mystic Bla  Conj/Tloc      41%        2d9       7%          4
 Ensorcelled Hibernation  Hex/Ice        14%        N/A       12%         2
 Spider Form              Tmut/Pois      11%        N/A       17%         3
 Call Canine Familiar     Summ           7%         N/A       22%         3
 Portal Projectile        Hex/Tloc       14%        N/A       22%         3
 Summon Guardian Golem    Hex/Summ       7%         N/A       22%         3
 Swiftness                Air            7%         N/A       22%         3
 Orb of Destruction       Conj           33%        9d10      52%         7
 Anguish                  Hex/Necr       3%         N/A       58%         4
 Starburst                Conj/Fire      20%        6d7       73%         6
 Blade Hands              Tmut           7%         N/A       75%         5
 Spellforged Servitor     Conj/Summ      20%        N/A       99%         7
 Summon Hydra             Summ           3%         N/A       100%        7
 Sublimation of Blood     Necr           Unusable   N/A       N/A         2

Dungeon Overview and Level Annotations

Branches:
Dungeon (11/15)            Temple (1/1) D:7            Lair (0/5) D:9
    Orc (0/2) D:9

Altars:
Ashenzari
Cheibriados
Dithmenos
Elyvilon
Fedhas
Gozag
Hepliaklqana
Kikubaaqudgha
Makhleb
Nemelex Xobeh
Okawaru
Qazlal
Ru
Sif Muna
Trog
Uskayaw
Vehumet
Wu Jian
Xom
Yredelemnul
Zin
The Shining One

Shops:
D:2 *   D:8 *

Annotations:
D:3 1 runed translucent door, Crazy Yiuf, Grinder
D:10 exclusions: ice statue and obsidian statue


Innate Abilities, Weirdness & Mutations

You are immune to sickness and miasma.
Your stone body is resilient. (AC +8)
You are immune to poison.
You resist negative energy. (rN+)
You are resistant to electric shocks. (rElec)
You are resistant to unholy torment.
You are immune to petrification.
You have a pair of small antennae on your head.
You possess an exceptional clarity of mind.


Message History

The orc is heavily wounded.
The orc hits you but does no damage.
As you read the scroll of fear, it crumbles to dust.
You assume a fearsome visage.
The orc looks frightened!
The orc priest looks frightened!
The orc priest shouts!
Items here: ( )) ††.
A yak comes into view. x2
The yak moves out of view.
A yak comes into view.
There is an escape hatch in the ceiling here.
The yak gores you but does no damage. A mysterious force pulls you upwards.
The hatch slams shut behind you.
Level annotation: exclusions: ice statue and obsidian statue You sock the yak!
The yak is lightly wounded.
Your +7 spectral flail hits the yak.
The yak gores you but does no damage.
You hit the yak.
The yak is moderately wounded.
Your +7 spectral flail hits the yak!
The yak gores your +7 spectral flail!
Your spectral weapon shares its damage with you!
* * * LOW HITPOINT WARNING * * *
You sock the yak!
You kill the yak!
Cheibriados thoroughly appreciates the change of pace.
(D) Dungeon (T) Temple (L) Lair (O) Orcish Mines
Where to? (Enter - D:11, ? - help)
There is a stone staircase leading down here.
You climb downwards.
You feel a wave of frost pass over you.
There is an entrance to an ice cave on this level.
Hurry and find it before the portal melts!
There is a stone staircase leading up here.
As you read the scroll of magic mapping, it crumbles to dust.
You feel aware of your surroundings.
You sensed 1 altar, and 1 shop/portal.
You hear the faint crackling of a very distant melting archway.
A komodo dragon comes into view.
The komodo dragon hisses angrily.
A killer bee comes into view.
The komodo dragon bites you!!
You die...

**,***,,* **,,
*,,**,,* *,,,
**,#*,,* *,**
***.#*>,****,**
*,..,,,,*,,,,**
####.#**,,,,,,****
#....# *,,,,,,,,,,
#l##.#**,,**,,****
#@#*,..,,,**,,*
#.##.#.#*,**,,*
#.##.#,#*.#*,,*
#.##.#,,...*,,****
#.##.#**#.#,,,,,.,
#<##.# #..*,,,o.<
#.##.# #o#*,,o..,
#.##.# #.#*,....,
#.##.####.##.....,


You could see a komodo dragon.

Vanquished Creatures
  Gastronok (D:9)
  A boulder beetle (D:10)
  Harold (D:9)
  A two-headed ogre (D:8)
  6 death yaks
  A harpy (shapeshifter) (D:11)
  Pikel (D:9)
  Maggie (D:7)
  An unseen horror (D:10)
  2 hornets
  3 wraiths
  9 yaks (D:10)
  2 wyverns
  2 steam dragons
  3 vampire mosquitoes (D:10)
  2 water moccasins
  Duvessa (D:4)
  A sky beast (D:7)
  4 orc warriors
  2 black bears (D:7)
  2 ice beasts
  4 ogres
  A phantom (D:4)
  5 centaurs
  4 kobold brigands
  A lemure (D:9)
  3 gnoll sergeants
  6 scorpions
  3 bullfrogs
  3 necrophages
  7 wights (D:9)
  Dowan (D:4)
  14 killer bees (D:9)
  7 howler monkeys
  5 hounds
  A jelly (D:5)
  A gnoll bouda (D:8)
  4 orc priests
  2 iguanas
  Ijyb (D:3)
  5 orc wizards
  Natasha (D:4)
  8 adders
  9 gnolls
  A shadow imp (D:7)
  2 worms
  3 dart slugs
  36 orcs
  6 endoplasms
  3 giant cockroaches
  10 goblins
  13 hobgoblins
  29 kobolds
  A quokka (D:2)
  4 ball pythons
  6 bats
  4 frilled lizards
  7 rats
268 creatures vanquished.

Vanquished Creatures (others)
  43 plants (D:8)
43 creatures vanquished.

Grand Total: 311 creatures vanquished

Notes
Turn   | Place    | Note
-------+----------+-------------------------------------------
     0 | D:1      | Ijustatesigmund the Gargoyle Earth Elementalist began the
                  | quest for the Orb.
     0 | D:1      | Reached XP level 1. HP: 10/10 MP: 3/3
   175 | D:1      | Reached skill level 1 in Transmutations
   409 | D:1      | Reached XP level 2. HP: 15/15 MP: 3/5
   525 | D:1      | Reached skill level 4 in Earth Magic
  1142 | D:2      | Reached XP level 3. HP: 19/19 MP: 4/6
  1146 | D:2      | Learned a level 3 spell: Stone Arrow
  1149 | D:2      | Learned a level 2 spell: Passwall
  1184 | D:2      | Found Doqenao's General Store.
  1189 | D:2      | Bought a scroll of teleportation for 33 gold pieces
  1337 | D:2      | Reached skill level 1 in Conjurations
  2393 | D:2      | Reached XP level 4. HP: 24/24 MP: 6/8
  2471 | D:2      | Gained mutation: You have a pair of small antennae on your
                  | head. [potion of mutation]
  2471 | D:2      | Gained mutation: You possess an exceptional clarity of
                  | mind. [potion of mutation]
  2792 | D:3      | Found a runed translucent door.
  2793 | D:3      | Noticed Crazy Yiuf
  2851 | D:3      | Noticed Ijyb
  2857 | D:3      | Killed Ijyb
  2929 | D:3      | Noticed Grinder
  3141 | D:4      | Noticed a scorpion
  3228 | D:4      | Reached XP level 5. HP: 17/28 MP: 7/9
  3459 | D:4      | Reached skill level 1 in Maces & Flails
  3500 | D:4      | Noticed Dowan
  3502 | D:4      | Noticed Duvessa
  3683 | D:4      | Noticed a phantom
  3689 | D:4      | Reached XP level 6. HP: 26/32 MP: 2/11
  4004 | D:4      | Reached skill level 5 in Conjurations
  4004 | D:4      | Reached XP level 7. HP: 18/36 MP: 12/12
  4507 | D:5      | Entered Level 5 of the Dungeon
  4643 | D:4      | Killed Duvessa
  4782 | D:4      | Killed Dowan
  4965 | D:4      | Identified a scroll of acquirement
  4965 | D:4      | Acquired a book of Iron
  4986 | D:4      | Noticed Natasha
  4986 | D:4      | You fall into a shaft and drop 1 floor!
  5042 | D:4      | Reached XP level 8. HP: 30/42 MP: 14/14
  5278 | D:4      | Killed Natasha
  5502 | D:5      | Reached skill level 1 in Fighting
  5502 | D:5      | Reached skill level 1 in Armour
  5875 | D:5      | Reached skill level 5 in Earth Magic
  6798 | D:6      | Reached XP level 9. HP: 51/51 MP: 8/15
  7082 | D:6      | Reached skill level 5 in Maces & Flails
  7082 | D:6      | Reached skill level 6 in Earth Magic
  8342 | D:7      | Found a staircase to the Ecumenical Temple.
  8390 | Temple   | Entered the Ecumenical Temple
  8580 | Temple   | Became a worshipper of Cheibriados the Contemplative
  8796 | D:7      | Noticed Maggie
  8800 | D:7      | Killed Maggie
  8801 | D:7      | Reached skill level 5 in Fighting
  9537 | D:8      | Reached skill level 1 in Invocations
  9537 | D:8      | Reached XP level 10. HP: 50/60 MP: 16/16
  9546 | D:8      | Reached * piety under Cheibriados
  9620 | D:8      | Found an ancient bone altar of Kikubaaqudgha.
  9620 | D:8      | Found a sparkling altar of Nemelex Xobeh.
  9620 | D:8      | Found a shadowy altar of Dithmenos.
  9982 | D:8      | Noticed a two-headed ogre
  9989 | D:8      | Killed a two-headed ogre
 10167 | D:8      | Reached ** piety under Cheibriados
 10685 | D:8      | Found a hide-covered altar of Uskayaw.
 10828 | D:8      | Found Qusua's General Store.
 10835 | D:8      | Bought a scroll of teleportation for 45 gold pieces
 10871 | D:8      | Reached skill level 5 in Invocations
 11167 | D:8      | Learned a level 6 spell: Iron Shot
 11201 | D:9      | Reached skill level 7 in Earth Magic
 11271 | D:9      | Noticed a death yak
 11282 | D:9      | Noticed a death yak
 11285 | D:9      | Killed a death yak
 11404 | D:10     | Entered Level 10 of the Dungeon
 11622 | D:9      | Reached skill level 8 in Earth Magic
 11709 | D:9      | Found a staircase to the Orcish Mines.
 11758 | D:9      | Noticed a death yak
 11758 | D:9      | Noticed a death yak
 11759 | D:9      | Noticed a death yak
 11760 | D:9      | Noticed a death yak
 11763 | D:9      | Found a staircase to the Lair.
 11960 | D:9      | Reached XP level 11. HP: 58/64 MP: 17/17
 12508 | D:8      | Killed a death yak
 12509 | D:8      | Reached skill level 9 in Earth Magic
 12749 | D:8      | Killed a death yak
 12896 | D:8      | Killed a death yak
 12897 | D:8      | Reached skill level 10 in Conjurations
 13056 | D:8      | Killed a death yak
 13127 | D:9      | Killed a death yak
 13128 | D:9      | Reached skill level 10 in Earth Magic
 13412 | D:9      | Noticed Gastronok
 13420 | D:9      | Noticed Pikel
 13435 | D:9      | Killed Pikel
 13641 | D:9      | Reached *** piety under Cheibriados
 13665 | D:9      | Killed Gastronok
 13666 | D:9      | Reached skill level 11 in Earth Magic
 13861 | D:9      | Found a bloodstained altar of Trog.
 14019 | D:9      | Noticed Harold
 14024 | D:9      | Killed Harold
 14504 | D:10     | Noticed an obsidian statue
 14772 | D:10     | Reached XP level 12. HP: 56/68 MP: 18/18
 15249 | D:10     | Reached skill level 12 in Earth Magic
 15354 | D:10     | Reached **** piety under Cheibriados
 15788 | D:10     | Found a hazy altar of Hepliaklqana.
 15900 | D:10     | Noticed a boulder beetle
 15909 | D:10     | Killed a boulder beetle
 16233 | D:11     | Slain by a komodo dragon

Illustrated notes

Levels and vault maps discovered:
D:1:      heliophobic_arrival_henge, layout_basic
D:2:      layout_basic, serial_shops, shop, minmay_door_square
D:3:      layout_basic, uniq_sigmund, uniq_ijyb, uniq_grinder,
          uniq_crazy_yiuf_cottage
D:4:      minmay_polygon_palace, layout_basic, uniq_duvessa, uniq_natasha
D:5:      layout_rooms
D:6:      layout_basic, minmay_parallelograms
D:7:      layout_layer_cave, minmay_temple_entry_large_hall, minmay_liquid_box,
          uniq_maggie
D:8:      kennysheep_housing_project, layout_loops_corners,
          chequers_temple_overflow_statue_of_worship, overflow_temple_1_default,
          serial_shops, shop
D:9:      layout_rooms, trog_book, dpeg_lair_monsters, uniq_pikel,
          uniq_gastronok, uniq_harold
D:10:     minmay_separated_statues, layout_layer_cave, kennysheep_mini,
          amcnicky_mini_corridor_feature, nzn_sisyphean_effort
D:11:     layout_loops_ring, ebering_ghost_xom,
          portal_ice_cave_entry_ice_simulacra, moated_statue
Temple:   nicolae_temple_slightly_damp_pantheon

Skill      XL: |  1  2  3  4  5  6  7  8  9 10 11 12 |
---------------+-------------------------------------+-----
Transmutations | 1 |  1.4
Earth Magic    | 4 5 6 8 11 12 | 12.2
Conjurations   | 1 2 4 5 6 7 9 10 11 | 11.3
Spellcasting   | 3 4 |  4.9
Maces & Flails | 1 2 3 4 6 |  6.3
Fighting       | 3 5 |  5.6
Armour         | 3 4 |  4.5
Dodging        | 2 |  2.8
Invocations    | 1 6 8 |  8.9
Stealth        | |  2.1

Action                   |  1- 3 |  4- 6 |  7- 9 | 10-12 || total
-------------------------+-------+-------+-------+-------++-------
Melee: Spear             |    20 |     4 |       |       ||    24
       Flail             |       |    48 |    84 |   293 ||   425
       Mace              |       |     1 |       |       ||     1
       Punch             |       |     1 |       |     5 ||     6
 Cast: Sandblast         |    50 |    36 |    29 |     4 ||   119
       Stone Arrow       |     1 |     4 |    54 |    32 ||    91
       Iron Shot         |       |       |       |     2 ||     2
       Passwall          |       |       |       |     1 ||     1
Invok: Bend Time         |       |       |       |     2 ||     2
Evoke: Wand              |       |     4 |     8 |    15 ||    27
  Use: Scroll            |     6 |     9 |    13 |    11 ||    39
       Potion            |       |     2 |       |     4 ||     6
 Stab: Sleeping          |     1 |     2 |       |     1 ||     4
       Distracted        |       |       |       |     2 ||     2
       Invisible         |       |       |       |     2 ||     2
Armor: Robe              |    12 |    23 |    44 |       ||    79
       Acid dragon scale |       |       |     8 |   173 ||   181
Dodge: Dodged            |    14 |    47 |    59 |   225 ||   345

Table legend: (Time is in decaauts)
 A = Elapsed time spent in this place.
 B = Non-inter-level travel time spent in this place.
 C = Inter-level travel time spent in this place.
 D = Time resting spent in this place.
 E = Time spent auto-exploring this place.
 F = Levels seen in this place.
 G = Mean time per level.
                   A        B        C        D        E       F      G
               +--------+--------+--------+--------+--------+-----+--------+
         Total |  17813 |  17500 |    313 |   4741 |  10631 |  12 | 1484.4 |
       Dungeon |  17610 |  17337 |    273 |   4741 |  10484 |  11 | 1600.9 |
        Temple |    203 |    164 |     39 |      0 |    147 |   1 |  203.0 |
               +--------+--------+--------+--------+--------+-----+--------+

Top non-repeatable levels by time:
    D:10: 2861 daAuts
     D:8: 2843 daAuts
     D:9: 2269 daAuts
     D:4: 2093 daAuts
     D:7: 1893 daAuts
     D:2: 1637 daAuts
     D:5: 1232 daAuts
     D:6: 1148 daAuts
     D:1: 1084 daAuts
     D:3: 454 daAuts
  Temple: 203 daAuts
    D:11: 92 daAuts
